 Dungeon Crawl Stone Soup version 0.31-a0-370-g25055926c8 (webtiles) character file.

Game seed: 6048676422515052592

63 AdnanSaban the Covered (level 4, -1/28 HPs)
             Began as a Gargoyle Fighter on July 29, 2023.
             Slain by an orc wizard
             ... wielding a +0 dagger
              (2 damage)
             ... on level 2 of the Dungeon.
             The game lasted 00:01:32 (1616 turns).

AdnanSaban the Covered (Gargoyle Fighter)           Turns: 1616, Time: 00:01:33

Health: -1/28      AC: 10    Str: 21    XL:     4   Next: 10%
Magic:  4/4        EV:  9    Int:  9    God:
Gold:   13         SH:  0    Dex:  9    Spells: 3/3 levels left

rFire   . . .        a - +0 flail
rCold   . . .        c - +0 buckler
rNeg    + . .        b - +0 scale mail
rPois   ∞            (no helmet)
rElec   +            (no cloak)
rCorr   .            (no gloves)
SInv    .            (no boots)
Will    .....        (no amulet) Stlth
                     (no ring)
HPRegen 0.24/turn    (no ring)
MPRegen 0.09/turn

%: no passive effects
@: confused
A: sickness immunity, AC +3, negative energy resistance 1, electricity
resistance, torment resistance 1, petrification resistance
a: no special abilities


You were on level 2 of the Dungeon.
You visited 1 branch of the dungeon, and saw 2 of its levels.

You collected 13 gold pieces.

Inventory:

Hand Weapons
 a - a +0 flail (weapon)
Missiles
 g - 20 stones (quivered)
Armour
 b - a +0 scale mail (worn)
 c - a +0 buckler (worn)
Scrolls
 e - a scroll of noise {unknown}
 f - a scroll of vulnerability {unknown}
 h - a scroll of revelation {unknown}
 i - 2 scrolls of fear {unknown}
 j - a scroll of teleportation {unknown}
 l - a scroll of butterflies {unknown}
 m - a scroll of identify {unknown}
Potions
 d - a potion of might
 k - a potion of attraction {unknown}


   Skills:
 + Level 3.6 Fighting
 + Level 2.9 Maces & Flails
 + Level 4.0 Armour
 + Level 0.4 Dodging
 + Level 3.7 Shields


You had 3 spell levels left.
You didn't know any spells.
Your spell library contained the following spells:

 Spells                   Type           Power      Damage    Failure   Level
 Lesser Beckoning         Tloc           0%         N/A       89%         2
 Animate Armour           Summ/Erth      0%         N/A       100%        4
 Iskenderun's Mystic Bla  Conj/Tloc      0%         2d3       100%        4
 Disjunction              Tloc           0%         N/A       100%        8


Dungeon Overview and Level Annotations

Branches:
Dungeon (2/15)

Altars:


Innate Abilities, Weirdness & Mutations

You are immune to sickness and miasma.
Your stone body is resilient. (AC +3)
You are immune to poison.
You resist negative energy. (rN+)
You are resistant to electric shocks. (rElec)
You are resistant to unholy torment.
You are immune to petrification.


Message History

You are too confused!
You are too confused!
You are too confused!
You are too confused!
You are too confused!
You are too confused!
You are too confused!
You are too confused!
You are too confused!
You are too confused!
You hit the orc but do no damage. The orc wizard closely misses you.
The orc hits you but does no damage.
You closely miss the orc wizard. The orc hits you with a +0 flail.
The orc wizard hits you with a +0 dagger.
You bump into the rock wall.
The orc hits you but does no damage. The orc wizard barely misses you.
You bump into the rock wall.
The orc closely misses you. The orc wizard casts a spell at you.
The magic dart hits you.
You closely miss the orc wizard.
The orc wizard gestures at you while chanting.
The magic dart hits you!
* * * LOW HITPOINT WARNING * * *
The orc hits you with a +0 flail.
* * * LOW HITPOINT WARNING * * *
You closely miss the orc wizard.
You feel less confused. The orc hits you but does no damage.
The orc wizard hits you but does no damage.
The orc completely misses you. The orc wizard casts a spell at you.
You are confused.
Unknown command.
You bump into the rock wall.
The orc hits you with a +0 flail.
* * * LOW HITPOINT WARNING * * *
The orc wizard hits you but does no damage.
You closely miss the orc. The orc hits you with a +0 flail.
* * * LOW HITPOINT WARNING * * *
The orc wizard hits you with a +0 dagger.
You die...

#....# ####### #.#### #.....#
#.#.####.....# ###
#....##......# ..# #
########.###......## ..# #.
#...# #.###.....o..
..#######.####.#.#
#.....#######
.......##....#.#.# ####......#
#...†..####.##.#@#######.####.#
#..............#oo.......####.#
##...).........###########....#
#.#.#####..##.# #.####
#.#.......###.# ####.######
#....###....#.# #.......{.o
#.........#.#.# #..†...oo##
##........#.#.### #....#....o
#######..#.....# ##....#.#...


You could see an orc wizard and an orc.

Vanquished Creatures
  An orc priest (D:1)
  An adder (D:1)
  An orc (D:1)
  4 giant cockroaches
  3 goblins (D:1)
  A hobgoblin (D:1)
  2 quokkas (D:1)
  4 ball pythons (D:1)
  4 frilled lizards
  3 kobolds
  2 rats
26 creatures vanquished.

Notes
Turn   | Place    | Note
-------+----------+-------------------------------------------
     0 | D:1      | AdnanSaban the Gargoyle Fighter began the quest for the
                  | Orb.
     0 | D:1      | Reached XP level 1. HP: 14/14 MP: 1/1
   245 | D:1      | Reached XP level 2. HP: 19/19 MP: 2/2
   367 | D:1      | Got the Quarto of Space and Topography
  1417 | D:1      | Reached XP level 3. HP: 16/23 MP: 3/3
  1567 | D:1      | Reached skill level 4 in Armour
  1567 | D:1      | Reached XP level 4. HP: 18/28 MP: 4/4
  1616 | D:2      | HP: 1/28 [orc/+0 flail (3)]
  1616 | D:2      | Slain by an orc wizard

Illustrated notes

Levels and vault maps discovered:
D:1:      sevenhm_arrival_forest_fort_large_4, layout_loops_ring, serial_bayou,
          serial_bayou_pond_d, serial_bayou_pond_c, serial_bayou_lake_a,
          serial_bayou_shore_a, corexii_hall_statues_s,
          corexii_item_surrounded_by_moat, st_stairs_3, serial_bayou_ford_a,
          minmay_misc_feat_tiny, nicolae_figureground_pulse
D:2:      layout_basic

Skill      XL: |  1  2  3 |
---------------+----------+-----
Armour         | 4 |  4.0
Fighting       | |  3.6
Maces & Flails | |  2.9
Dodging        | |  0.4
Shields        | |  3.7

Action                     |  1- 3 |  4- 6 || total
---------------------------+-------+-------++-------
  Melee: Flail             |   108 |     5 ||   113
 Armour: Scale mail        |    63 |     6 ||    69
  Dodge: Dodged            |    55 |     4 ||    59
  Block: Buckler           |    17 |       ||    17

Table legend: (Time is in decaauts)
 A = Elapsed time spent in this place.
 B = Non-inter-level travel time spent in this place.
 C = Inter-level travel time spent in this place.
 D = Time resting spent in this place.
 E = Time spent auto-exploring this place.
 F = Levels seen in this place.
 G = Mean time per level.
                   A        B        C        D        E       F      G
               +--------+--------+--------+--------+--------+-----+--------+
         Total |   1719 |   1681 |     38 |    149 |   1213 |   2 |  859.5 |
       Dungeon |   1719 |   1681 |     38 |    149 |   1213 |   2 |  859.5 |
               +--------+--------+--------+--------+--------+-----+--------+

Top non-repeatable levels by time:
     D:1: 1383 daAuts
     D:2: 336 daAuts
